PBL
TROIS-RIVERES AIGLES @ YORK REVOLUTION
08/16/2049
 
TOP OF THE 1ST
Trois-Riveres Aigles batting - Pitching for York Revolution : RHP Hugo Rodriguez
Pitching: RHP Hugo Rodriguez
Batting: RHB Micah Logan 0-0: Called Strike
0-1: SINGLE (Line Drive, 4D, EV 94.4 MPH)
Batting: RHB George Connell 0-0: Ball
1-0: Called Strike
1-1: Swinging Strike
1-2: Ball
Wild Pitch!
Micah Logan to second
2-2: SINGLE (Groundball, 5S, EV 64.4 MPH) (infield hit)
Micah Logan to third
Batting: RHB Alistair Holmes 0-0: Ball
Wild Pitch!
Micah Logan scores
George Connell to second
1-0: Ground out 1-3 (Groundball, 15S, EV 70.6 MPH)
Batting: SHB Derek Weaver 0-0: Ball
1-0: Ball
2-0: Called Strike
2-1: Ball
3-1: Foul Ball, location: 2F
3-2: Hit by Pitch
Batting: RHB John Garland 0-0: Called Strike
0-1: Ball
1-1: Ball
Wild Pitch!
George Connell to third
Derek Weaver to second
2-1: Fly out, F8 (Flyball, 89XD, EV 106.9 MPH)
Runner from 3rd tags up, SCORES, no throw by CF
Derek Weaver to third
Batting: RHB Chris Davis 0-0: Fly out, F7 (Flyball, 78M, EV 90.0 MPH)
Top of the 1st over - 2 runs, 2 hits, 0 errors, 1 left on base; Trois-Riveres 2 - York 0
BOTTOM OF THE 1ST
York Revolution batting - Pitching for Trois-Riveres Aigles : LHP Jordan Robinson
Pitching: LHP Jordan Robinson
Batting: LHB Quincy Smart 0-0: Ground out U3 (Groundball, 34S, EV 68.1 MPH)
Batting: LHB Mike Hawk 0-0: Foul Ball, location: 2F
0-1: Ball
1-1: Ball
2-1: Foul Ball, location: 2F
2-2: Ball
3-2: Foul Ball, location: 2F
3-2: Foul Ball, location: 2F
3-2: Strikes out looking
Batting: RHB Juan Gonzalez 0-0: Ball
1-0: Swinging Strike
1-1: Ball
2-1: Ground out 6-3 (Groundball, 56, EV 111.2 MPH)
Bottom of the 1st over - 0 runs, 0 hits, 0 errors, 0 left on base; Trois-Riveres 2 - York 0
TOP OF THE 2ND
Trois-Riveres Aigles batting - Pitching for York Revolution : RHP Hugo Rodriguez
Batting: RHB Danny Mota 0-0: Called Strike
0-1: Foul Ball, location: 2F
0-2: Fly out, F8 (Flyball, 78S, EV 72.5 MPH)
Batting: SHB Paul Dupuis 0-0: Ball
1-0: Foul Ball, location: 2F
1-1: Called Strike
1-2: Ball
2-2: Foul Ball, location: 2F
2-2: Ground out 5-3 (Groundball, 56, EV 82.5 MPH)
Batting: SHB Shafeeq bin Haytham 0-0: SOLO HOME RUN (Flyball, 9D, EV 102.5 MPH), Distance : 383 ft
Batting: RHB Micah Logan 0-0: Ball
1-0: Ball
2-0: Ground out U3 (Groundball, 3, EV 88.1 MPH)
Top of the 2nd over - 1 run, 1 hit, 0 errors, 0 left on base; Trois-Riveres 3 - York 0
BOTTOM OF THE 2ND
York Revolution batting - Pitching for Trois-Riveres Aigles : LHP Jordan Robinson
Batting: RHB Dan Shaffer 0-0: Ball
1-0: Foul Ball, location: 2F
1-1: Fly out, F7 (Line Drive, 7, EV 103.8 MPH)
Batting: RHB Alexis Graciani 0-0: Foul Ball, location: 2F
0-1: Ball
1-1: Ball
2-1: Ground out 5-3 (Groundball, 5S, EV 89.4 MPH)
Batting: LHB Cipto Pakpahan 0-0: Ground out U3 (Groundball, 3, EV 83.1 MPH)
Bottom of the 2nd over - 0 runs, 0 hits, 0 errors, 0 left on base; Trois-Riveres 3 - York 0
TOP OF THE 3RD
Trois-Riveres Aigles batting - Pitching for York Revolution : RHP Hugo Rodriguez
Batting: RHB George Connell 0-0: Ball
1-0: Ball
2-0: Foul Ball, location: 2F
2-1: SINGLE (Groundball, 56S, EV 66.2 MPH) (infield hit)
Batting: RHB Alistair Holmes 0-0: SINGLE (Groundball, 25, EV 65.0 MPH) (infield hit)
George Connell to second
Batting: SHB Derek Weaver 0-0: Called Strike
0-1: Fly out, F9 (Flyball, 9, EV 93.1 MPH)
Batting: RHB John Garland 0-0: Called Strike
0-1: SINGLE (Line Drive, 9LS, EV 105.0 MPH)
George Connell to third
Alistair Holmes to second
Batting: RHB Chris Davis 0-0: Fielders Choice at 2nd, 6-4 (Groundball, 6, EV 88.8 MPH)
George Connell scores
Alistair Holmes to third
Batting: RHB Danny Mota 0-0: Foul Ball, location: 2F
0-1: Ball
1-1: Foul Ball, location: 2F
1-2: Ball
2-2: Ball
3-2: Foul Ball, location: 2F
3-2: Foul Ball, location: 2F
3-2: Foul Ball, location: 2F
3-2: Base on Balls
Chris Davis to second
Batting: SHB Paul Dupuis 0-0: Swinging Strike
Passed Ball!
Alistair Holmes scores
Chris Davis to third
Danny Mota to second
0-1: Ground out 4-3 (Groundball, 4MS, EV 89.4 MPH)
Top of the 3rd over - 2 runs, 3 hits, 0 errors, 2 left on base; Trois-Riveres 5 - York 0
BOTTOM OF THE 3RD
York Revolution batting - Pitching for Trois-Riveres Aigles : LHP Jordan Robinson
Batting: RHB Mike Staunton 0-0: Called Strike
0-1: Called Strike
0-2: SINGLE (Flyball, 34D, EV 81.9 MPH)
Batting: RHB Jonathan Steria 0-0: Ball
1-0: Grounds into double play, 5-4-3 (Groundball, 56, EV 80.0 MPH)
Batting: RHB Tim Schell 0-0: Foul Ball, location: 2F
0-1: Ball
1-1: Ball
2-1: Swinging Strike
2-2: Ball
3-2: Fly out, F8 (Flyball, 8RD, EV 105.0 MPH)
Bottom of the 3rd over - 0 runs, 1 hit, 0 errors, 0 left on base; Trois-Riveres 5 - York 0
TOP OF THE 4TH
Trois-Riveres Aigles batting - Pitching for York Revolution : RHP Hugo Rodriguez
Batting: SHB Shafeeq bin Haytham 0-0: Called Strike
0-1: Called Strike
0-2: Strikes out swinging
Batting: RHB Micah Logan 0-0: Called Strike
0-1: Ball
1-1: Ball
2-1: Ball
3-1: Base on Balls
Batting: RHB George Connell 0-0: Grounds into double play, 4-6-3 (Groundball, 4, EV 90.0 MPH)
Top of the 4th over - 0 runs, 0 hits, 0 errors, 0 left on base; Trois-Riveres 5 - York 0
BOTTOM OF THE 4TH
York Revolution batting - Pitching for Trois-Riveres Aigles : LHP Jordan Robinson
Batting: LHB Quincy Smart 0-0: Ground out U3 (Groundball, 3L, EV 81.9 MPH)
Batting: LHB Mike Hawk 0-0: Swinging Strike
0-1: Ball
1-1: SOLO HOME RUN (Flyball, 78XD, EV 106.9 MPH), Distance : 421 ft
Batting: RHB Juan Gonzalez 0-0: Ground out 5-3 (Groundball, 56S, EV 93.1 MPH)
Batting: RHB Dan Shaffer 0-0: Foul Ball, location: 2F
0-1: Called Strike
0-2: Foul Ball, location: 2F
0-2: Ball
1-2: Ground out 5-3 (Groundball, 56S, EV 86.9 MPH)
Bottom of the 4th over - 1 run, 1 hit, 0 errors, 0 left on base; Trois-Riveres 5 - York 1
TOP OF THE 5TH
Trois-Riveres Aigles batting - Pitching for York Revolution : RHP Hugo Rodriguez
Batting: RHB Alistair Holmes 0-0: Ball
1-0: Foul Ball, location: 2F
1-1: Foul Ball, location: 2F
1-2: Ball
2-2: SOLO HOME RUN (Flyball, 7LD, EV 97.5 MPH), Distance : 364 ft
Pitching: RHP Nick Shumway
Batting: SHB Derek Weaver 0-0: Ball
1-0: Swinging Strike
1-1: Called Strike
1-2: Ball
2-2: Fly out, F7 (Line Drive, 7, EV 102.5 MPH)
Batting: RHB John Garland 0-0: Fly out, F9 (Flyball, 89D, EV 100.6 MPH)
Batting: RHB Chris Davis 0-0: Called Strike
0-1: Swinging Strike
0-2: Foul Ball, location: 2F
0-2: Strikes out looking
Top of the 5th over - 1 run, 1 hit, 0 errors, 0 left on base; Trois-Riveres 6 - York 1
BOTTOM OF THE 5TH
York Revolution batting - Pitching for Trois-Riveres Aigles : LHP Jordan Robinson
Batting: RHB Alexis Graciani 0-0: Foul Ball, location: 2F
0-1: SINGLE (Groundball, 56, EV 98.8 MPH)
Batting: LHB Cipto Pakpahan 0-0: Called Strike
0-1: SINGLE (Groundball, 13S, EV 72.5 MPH) (infield hit)
Alexis Graciani to second
Batting: RHB Mike Staunton 0-0: Called Strike
0-1: Ball
1-1: Ball
2-1: Ball
3-1: Fielders Choice at 2nd, 6-4 (Groundball, 6M, EV 83.1 MPH)
Alexis Graciani to third
Batting: RHB Jonathan Steria 0-0: Foul Ball, location: 2F
0-1: Foul Ball, location: 2F
0-2: Ball
1-2: Foul Ball, location: 2F
1-2: Strikes out swinging
Batting: RHB Tim Schell 0-0: Called Strike
0-1: Ball
1-1: Ball
2-1: Swinging Strike
2-2: Strikes out looking
Bottom of the 5th over - 0 runs, 2 hits, 0 errors, 2 left on base; Trois-Riveres 6 - York 1
TOP OF THE 6TH
Trois-Riveres Aigles batting - Pitching for York Revolution : RHP Nick Shumway
Batting: RHB Danny Mota 0-0: Swinging Strike
0-1: Foul Ball, location: 2F
0-2: Ball
1-2: SINGLE (Flyball, 8LS, EV 96.9 MPH)
Batting: SHB Paul Dupuis 0-0: Ball
1-0: Ball
2-0: Called Strike
2-1: Ball
3-1: Swinging Strike
3-2: Foul Ball, location: 2F
3-2: Strikes out looking
Batting: SHB Shafeeq bin Haytham 0-0: Called Strike
0-1: Ball
1-1: Foul Ball, location: 2F
1-2: Strikes out swinging
Batting: RHB Micah Logan 0-0: Foul Ball, location: 2F
0-1: Ball
1-1: Swinging Strike
1-2: Foul Ball, location: 2F
1-2: Strikes out swinging
Top of the 6th over - 0 runs, 1 hit, 0 errors, 1 left on base; Trois-Riveres 6 - York 1
BOTTOM OF THE 6TH
York Revolution batting - Pitching for Trois-Riveres Aigles : LHP Jordan Robinson
Batting: LHB Quincy Smart 0-0: Foul Ball, location: 2F
0-1: Foul Ball, location: 2F
0-2: Ball
1-2: Ground out U3 (Groundball, 34S, EV 72.5 MPH)
Batting: LHB Mike Hawk 0-0: DOUBLE (Line Drive, 9LM, EV 108.8 MPH)
Batting: RHB Juan Gonzalez 0-0: Called Strike
0-1: Ball
1-1: Ball
2-1: Swinging Strike
2-2: Ball
3-2: Foul Ball, location: 2F
3-2: Foul Ball, location: 2F
3-2: Foul Ball, location: 2F
3-2: Base on Balls
Batting: RHB Dan Shaffer 0-0: Ball
1-0: Ball
2-0: Swinging Strike
2-1: Foul Ball, location: 2F
2-2: Foul Ball, location: 2F
2-2: Foul Ball, location: 2F
2-2: SINGLE (Flyball, 34D, EV 90.0 MPH)
Mike Hawk to third
Juan Gonzalez to second
Batting: RHB Alexis Graciani 0-0: Ball
1-0: Swinging Strike
1-1: Swinging Strike
1-2: Ball
2-2: Foul Ball, location: 2F
2-2: Fly out, F7 (Flyball, 7, EV 89.4 MPH)
Runner from 3rd tags up, SCORES, throw by LF
Batting: LHB Cipto Pakpahan 0-0: Called Strike
0-1: Ball
1-1: Ball
2-1: Foul Ball, location: 2F
2-2: Strikes out swinging
Bottom of the 6th over - 1 run, 2 hits, 0 errors, 2 left on base; Trois-Riveres 6 - York 2
TOP OF THE 7TH
Trois-Riveres Aigles batting - Pitching for York Revolution : RHP Nick Shumway
Batting: RHB George Connell 0-0: Ground out 6-3 (Groundball, 6, EV 83.8 MPH)
Batting: RHB Alistair Holmes 0-0: Foul Ball, location: 2F
0-1: Ball
1-1: Ball
2-1: Foul Ball, location: 2F
2-2: Ball
3-2: Foul Ball, location: 2F
3-2: Foul Ball, location: 2F
3-2: Base on Balls
Batting: SHB Derek Weaver 0-0: Swinging Strike
0-1: Ball
1-1: Ball
2-1: Swinging Strike
2-2: Ball
3-2: Foul Ball, location: 2F
3-2: Fielders Choice at 2nd, 5-4 (Groundball, 56, EV 91.9 MPH)
Pitching: RHP Katsushi Endo
Batting: RHB John Garland 0-0: 2-RUN HOME RUN (Flyball, 89XD, EV 106.9 MPH), Distance : 407 ft
Batting: RHB Chris Davis 0-0: Ball
1-0: Ball
2-0: Ball
3-0: Foul Ball, location: 2F
3-1: Base on Balls
Batting: RHB Danny Mota 0-0: Called Strike
0-1: Fly out, F8 (Flyball, 89D, EV 81.2 MPH)
Top of the 7th over - 2 runs, 1 hit, 0 errors, 1 left on base; Trois-Riveres 8 - York 2
BOTTOM OF THE 7TH
York Revolution batting - Pitching for Trois-Riveres Aigles : LHP Jordan Robinson
Batting: RHB Mike Staunton 0-0: Called Strike
0-1: Called Strike
0-2: Strikes out swinging
Batting: RHB Jonathan Steria 0-0: Ball
1-0: Foul Ball, location: 2F
1-1: Foul Ball, location: 2F
1-2: Fly out, F7 (Line Drive, 7S, EV 103.8 MPH)
Batting: RHB Tim Schell 0-0: Called Strike
0-1: Ground out 5-3 (Groundball, 56, EV 81.2 MPH)
Bottom of the 7th over - 0 runs, 0 hits, 0 errors, 0 left on base; Trois-Riveres 8 - York 2
TOP OF THE 8TH
Trois-Riveres Aigles batting - Pitching for York Revolution : RHP Katsushi Endo
Batting: SHB Paul Dupuis 0-0: SINGLE (Line Drive, 78S, EV 108.1 MPH)
Batting: SHB Shafeeq bin Haytham 0-0: Ball
1-0: Foul Ball, location: 2F
1-1: Ball
2-1: Foul Ball, location: 2F
2-2: SINGLE (Flyball, 56D, EV 91.2 MPH)
Paul Dupuis to second
Batting: RHB Micah Logan 0-0: Swinging Strike
0-1: Called Strike
0-2: Strikes out swinging
Batting: RHB George Connell 0-0: Called Strike
0-1: Swinging Strike
0-2: Ball
1-2: Fielders Choice at 2nd, 6-4 (Groundball, 6, EV 85.6 MPH)
Paul Dupuis to third
Batting: RHB Alistair Holmes 0-0: Called Strike
0-1: SINGLE (Groundball, 34, EV 101.2 MPH) (infield hit)
Paul Dupuis scores
George Connell to second
Batting: SHB Derek Weaver 0-0: SINGLE (Groundball, 6S, EV 75.0 MPH) (infield hit)
George Connell to third
Alistair Holmes to second
Batting: RHB John Garland 0-0: Called Strike
0-1: Ball
1-1: Ball
2-1: Ball
3-1: SINGLE (Groundball, 6MD, EV 102.5 MPH)
George Connell scores
Alistair Holmes to third
Derek Weaver to second
Runner from 3rd tries for Home, SAFE, throw by CF to home
Batting: RHB Chris Davis 0-0: Ball
1-0: Called Strike
1-1: Called Strike
1-2: Ball
2-2: Ball
3-2: Fly out, F3 (Popup, 3S, EV 76.2 MPH)
Top of the 8th over - 3 runs, 5 hits, 0 errors, 2 left on base; Trois-Riveres 11 - York 2
BOTTOM OF THE 8TH
York Revolution batting - Pitching for Trois-Riveres Aigles : LHP Jordan Robinson
Batting: LHB Quincy Smart 0-0: Ball
1-0: SINGLE (Groundball, 56S, EV 68.8 MPH) (infield hit)
Batting: LHB Mike Hawk 0-0: Fielders Choice at 2nd, 4-6 (Groundball, 4MD, EV 100.0 MPH)
Batting: RHB Juan Gonzalez 0-0: 2-RUN HOME RUN (Flyball, 7D, EV 101.9 MPH), Distance : 376 ft
Batting: RHB Dan Shaffer 0-0: Ball
1-0: Called Strike
1-1: Called Strike
1-2: Ground out 5-3 (Groundball, 56S, EV 87.5 MPH)
Batting: RHB Alexis Graciani 0-0: Ball
1-0: Swinging Strike
1-1: Foul Ball, location: 2F
1-2: Fly out, F5 (Popup, 25F, EV 83.8 MPH)
Bottom of the 8th over - 2 runs, 2 hits, 0 errors, 0 left on base; Trois-Riveres 11 - York 4
TOP OF THE 9TH
Trois-Riveres Aigles batting - Pitching for York Revolution : RHP Katsushi Endo
Batting: SHB Josif Popovski 0-0: Called Strike
0-1: Swinging Strike
0-2: Ball
1-2: SINGLE (Line Drive, 8RS, EV 106.9 MPH)
Pitching: LHP Carlton Hookway
Pinch Hitting: RHB Christopher Arnett 0-0: Ball
1-0: Ball
2-0: Ball
3-0: Called Strike
3-1: Called Strike
3-2: Strikes out swinging
Batting: SHB Shafeeq bin Haytham 0-0: Swinging Strike
Passed Ball!
Josif Popovski to second
0-1: Swinging Strike
0-2: Ball
1-2: Ball
2-2: Foul Ball, location: 2F
2-2: Foul Ball, location: 2F
2-2: Foul Ball, location: 2F
2-2: Foul Ball, location: 2F
2-2: Foul Ball, location: 2F
2-2: Foul Ball, location: 2F
2-2: Foul Ball, location: 2F
2-2: Foul Ball, location: 2F
2-2: Ball
3-2: Fly out, F8 (Flyball, 8RS, EV 95.6 MPH)
Batting: RHB Micah Logan 0-0: Ground out 5-3 (Groundball, 56, EV 104.4 MPH)
Top of the 9th over - 0 runs, 1 hit, 0 errors, 1 left on base; Trois-Riveres 11 - York 4
BOTTOM OF THE 9TH
York Revolution batting - Pitching for Trois-Riveres Aigles : LHP Jordan Robinson
Now at 3B: Reed Healey
Batting: LHB Cipto Pakpahan 0-0: Ball
1-0: Swinging Strike
1-1: Swinging Strike
1-2: Ball
2-2: Ball
3-2: Fly out, F7 (Flyball, 7LS, EV 80.0 MPH)
Pitching: RHP Corey Adkins
Batting: RHB Mike Staunton 0-0: SOLO HOME RUN (Flyball, 8LXD, EV 115.6 MPH), Distance : 462 ft
Pinch Hitting: LHB Skyler Bright 0-0: Ball
1-0: Called Strike
1-1: Fly out, F8 (Flyball, 78M, EV 86.2 MPH)
Pinch Hitting: RHB Josh Jarvis 0-0: Foul Ball, location: 2F
0-1: Ball
1-1: Foul Ball, location: 2F
1-2: Foul Ball, location: 2F
1-2: Ball
2-2: Ball
3-2: Foul Ball, location: 2F
3-2: Foul Ball, location: 2F
3-2: SINGLE (Groundball, 6MD, EV 108.8 MPH)
Batting: LHB Quincy Smart 0-0: Ball
1-0: Swinging Strike
1-1: Foul Ball, location: 2F
1-2: Foul Ball, location: 2F
1-2: Foul Ball, location: 2F
1-2: Foul Ball, location: 2F
1-2: Ball
2-2: Foul Ball, location: 2F
2-2: Ball
3-2: Foul Ball, location: 2F
3-2: Strikes out looking
Bottom of the 9th over - 1 run, 2 hits, 0 errors, 1 left on base; Trois-Riveres 11 - York 5
Sunday, July 16th , 2023 - OOTP Baseball 24.6 Build 69